 Dungeon Crawl Stone Soup version 0.20.0-15-g7f486f2 (webtiles) character file.

118 Chiseanne the Magician (level 4, 0/30 HPs)
             Began as a Demonspawn Wizard on June 15, 2017.
             Slain by a phantom (6 damage)
             ... on level 5 of the Dungeon.
             The game lasted 00:08:18 (3250 turns).

Chiseanne the Magician (Demonspawn Wizard)          Turns: 3250, Time: 00:08:19

Health: 0/30       AC:  6    Str:  7    XL:     4   Next: 72%
Magic:  5/10       EV: 12    Int: 21    God:
Gold:   186        SH:  0    Dex: 11    Spells: 2/11 levels left

rFire    + . .     SeeInvis .   n - +0 long sword (slice)
rCold    . . .     Gourm    .   (no shield)
rNeg     . . .     Faith    .   a - +0 robe
rPois    .         Spirit   .   b - +0 hat
rElec    .         Reflect  .   t - +1 cloak
rCorr    .         Harm     .   m - +0 pair of gloves
MR       .....                  (no boots)
Stlth    ++........             f - amulet of magic regeneration
Regen    0.1/turn               r - ring of protection from fire
MPRegen  0.2/turn               (no ring)

@: no status effects
A: rugged brown scales 1, powered by death 1
a: no special abilities


You were on level 5 of the Dungeon.
You were not hungry.

You visited 1 branch of the dungeon, and saw 5 of its levels.

You collected 186 gold pieces.

Inventory:

Hand Weapons
 h - a +0 club
 n - a +0 long sword of slicing (weapon)
 q - a +0 short sword
 w - a +1 antimagic hand axe
Missiles
 e - 62 stones (quivered)
 i - 20 sling bullets
 l - 44 arrows
Armour
 a - a +0 robe (worn)
 b - a +0 hat (worn)
 m - a +0 pair of gloves (worn)
 t - a +1 cloak (worn)
Jewellery
 c - an uncursed amulet of regeneration {unknown}
 f - an amulet of magic regeneration (around neck)
 r - a ring of protection from fire (left hand)
Scrolls
 j - 4 scrolls of recharging
Potions
 p - a potion of flight {unknown}
 u - a potion of brilliance {unknown}
 x - a potion of cancellation {unknown}
Comestibles
 d - a bread ration
 g - 2 fruits
 k - a royal jelly
 o - 2 meat rations
 s - a chunk of flesh


   Skills:
 - Level 1.7 Dodging
 - Level 1.7 Stealth
 * Level 4.1 Spellcasting
 * Level 3.4 Conjurations
   Level 1.0 Summonings
 - Level 0.8 Translocations


You had 2 spell levels left.
You knew the following spells:

 Your Spells              Type           Power        Failure   Level  Hunger
a - Magic Dart            Conj           ###.         3%          1    None
b - Blink                 Tloc           N/A          13%         2    #......
c - Conjure Flame         Conj/Fire      ##......     17%         3    ###....
d - Mephitic Cloud        Conj/Pois/Air  #.......     22%         3    ###....


Dungeon Overview and Level Annotations

Branches:
Dungeon (5/15)
 Temple: D:4-7

Altars:
Vehumet

Annotations:
D:2 Terence
D:4 Pikel


Innate Abilities, Weirdness & Mutations

You are partially covered in rugged brown scales. (AC +1, +3% HP)
You regenerate a little health from kills.


Message History

The phantom is severely damaged.
The phantom hits you!
* * * LOW HITPOINT WARNING * * *
Casting: Conjure Flame
Confirm with . or Enter, or press ? or * to list all spells.
Aiming: Magic Dart
Press: ? - help, Shift-Dir - straight line, f - phantom
Aim: a phantom (severely damaged)
The magic dart hits the phantom.
The phantom is severely damaged.
The phantom closely misses you.
Casting: Magic Dart
Confirm with . or Enter, or press ? or * to list all spells.
Aiming: Magic Dart
Press: ? - help, Shift-Dir - straight line, f/p - phantom
Aim: a phantom (severely damaged)
The magic dart hits the phantom.
The phantom is almost destroyed.
The phantom hits you.
You die...

#........##..........
#........##.....#._.#
#........##..........
#........##.......#..
#........######......
.......g## ......
###.###Z# ###### #.
#W# # #@# #.# #.# #..
#.# ### #.. #..#####
###..#...O ..#..#.###


You could see a phantom, a quokka zombie and a goblin.

Vanquished Creatures
  A slave (D:5)
  Ijyb (D:4)
  3 adders
  A dart slug (D:2)
  2 leopard geckos
  5 orcs
  4 bats
  4 giant cockroaches
  5 goblins (D:1)
  7 hobgoblins
  3 jackals
  2 quokkas
  A ball python (D:3)
  4 frilled lizards
  7 kobolds
  A leopard gecko skeleton (D:5)
  5 rats
56 creatures vanquished.

Notes
Turn   | Place    | Note
-------+----------+-------------------------------------------
     0 | D:1      | Chiseanne the Demonspawn Wizard began the quest for the Orb.
     0 | D:1      | Reached XP level 1. HP: 13/13 MP: 4/4
   372 | D:1      | Gained mutation: You are partially covered in rugged brown scales. (AC +1, +3% HP) [demonic ancestry]
   372 | D:1      | Reached XP level 2. HP: 6/19 MP: 1/6
  1536 | D:2      | Reached XP level 3. HP: 24/24 MP: 2/8
  1574 | D:2      | Learned a level 2 spell: Blink
  1578 | D:2      | Learned a level 3 spell: Conjure Flame
  1582 | D:2      | Learned a level 3 spell: Mephitic Cloud
  1896 | D:2      | Noticed Terence
  2401 | D:3      | Gained mutation: You regenerate a little health from kills. [demonic ancestry]
  2401 | D:3      | Reached XP level 4. HP: 30/30 MP: 3/9
  2638 | D:3      | You fall through a shaft!
  2739 | D:4      | Noticed Ijyb
  2767 | D:4      | Killed Ijyb
  2767 | D:4      | Reached skill level 4 in Spellcasting
  2866 | D:4      | Noticed a slave
  2867 | D:4      | Noticed Pikel
  2889 | D:4      | Noticed a slave
  2896 | D:4      | Noticed a slave
  2896 | D:4      | Noticed a slave
  2925 | D:5      | Entered Level 5 of the Dungeon
  2945 | D:5      | Killed a slave
  3104 | D:5      | Noticed an ogre
  3221 | D:5      | Found a radiant altar of Vehumet.
  3222 | D:5      | Noticed a phantom
  3250 | D:5      | Slain by a phantom

Skill      XL: |  1  2  3  4 |
---------------+-------------+-----
Conjurations   | 2 3 |  3.4
Spellcasting   | 4 |  4.1
Dodging        | |  1.7
Stealth        | |  1.7
Summonings     | |  1.0
Translocations | |  0.8

Action                   |  1- 3 |  4- 6 || total
-------------------------+-------+-------++-------
Melee: Unarmed           |     1 |       ||     1
       Club              |     7 |       ||     7
       Short sword       |    12 |    35 ||    47
       Long sword        |       |     6 ||     6
 Cast: Magic Dart        |   111 |    41 ||   152
       Conjure Flame     |     2 |     6 ||     8
       Mephitic Cloud    |     1 |     3 ||     4
       Blink             |       |     2 ||     2
  Use: Scroll            |     6 |     3 ||     9
       Potion            |       |     2 ||     2
  Eat: Chunk             |     5 |     3 ||     8
Armor: Robe              |    21 |    15 ||    36
Dodge: Dodged            |    25 |    65 ||    90
       Rpst.: Long sword |       |     2 ||     2
